Sharks vs Thrashers

Created - February 7 2007 at 19:09

Goals
1 2 3 T
Sharks 3 1 0 4
Thrashers 3 1 1 5
Shots
1 2 3 T
Sharks 19 11 6 36
Thrashers 17 11 14 42

Period #1

1. Sharks , Jonathan Cheechoo 18 (Scott Hannan, Markus Naslund) at 3:26 (PP)
2. Sharks , Milan Michalek 9 (Patrick Marleau, Matt Carle) at 5:42
3. Thrashers , Ilya Kovalchuk 24 (Niko Kapanen, Braydon Coburn) at 6:00
4. Sharks , Steve Bernier 14 (Niklas Kronwall, Alyn McCauley) at 7:10
5. Thrashers , Niko Kapanen 8 (Scott Mellanby, Bryan Allen) at 7:56
6. Thrashers , Philippe Boucher 12 (Andy Sutton, Robert Lang) at 18:20

Penalities :
Philippe Boucher (ATL) for Cross-checking (Minor) at 1:57, Alyn McCauley (SJS) for Boarding (Minor) at 8:34, Vitaly Vishnevski (ATL) for Slashing (Minor) at 19:24, Steve Bernier (SJS) for Roughing (Minor) at 19:31

Period #2

7. Thrashers , Vitaly Vishnevski 8 (Alexander Frolov, Bobby Holik) at 7:54
8. Sharks , Patrick Marleau 11 (Steve Bernier, Milan Michalek) at 14:37 (PP)

Penalities :
Scott Mellanby (ATL) for Fighting (Major) at 1:39, Curtis Brown (SJS) for Fighting (Major) at 1:39, Richard Jackman (SJS) for Tripping (Minor) at 8:13, Philippe Boucher (ATL) for Roughing (Minor) at 13:40, Steve Bernier (SJS) for High sticking (Minor) at 16:11

Period #3

9. Thrashers , Alexander Frolov 11 (Jason Williams) at 12:33 (PP)

Penalities :
Marian Hossa (ATL) for Kneeing (Major) at 4:18, Dustin Brown (SJS) for Holding (Minor) at 12:29

Goalie Stats

Cristobal Huet (SJS), 37 saves from 42 shots - (0.881), L, 8-15-5, 60:00 minutes
Kari Lehtonen (ATL), 32 saves from 36 shots - (0.889), W, 16-7-3, 60:00 minutes

Players Stats

Sharks
Player Name              G  A  P  +/- PIM S  H  SB FO MP 
-----------------------------------------------------------
Alyn McCauley            0  1  1  -1  2   2  0  0  4  18 
Barret Jackman           0  0  0  -1  0   0  5  1  0  18 
Curtis Brown             0  0  0  -1  5   0  0  2  21 18 
Dustin Brown             0  0  0  -1  2   2  0  0  3  16 
Grant Stevenson          0  0  0   0  0   0  0  0  0  0  
Joe Thornton             0  0  0   0  0   6  2  0  33 24 
Jonathan Cheechoo        1  0  1   0  0   2  0  1  1  21 
Kyle McLaren             0  0  0   0  0   1  0  1  0  24 
Markus Naslund           0  1  1   0  0   8  0  0  0  21 
Matt Carle               0  1  1  -1  0   1  0  2  0  23 
Mike Grier               0  0  0   0  0   0  0  0  0  4  
Milan Michalek           1  1  2  -1  0   1  0  1  1  19 
Niklas Kronwall          0  1  1  -1  0   0  2  0  0  14 
Patrick Marleau          1  1  2  -1  0   3  0  1  29 22 
Richard Jackman          0  0  0  -1  2   0  2  1  0  21 
Scott Hannan             0  1  1   0  0   0  0  3  0  24 
Steve Bernier            1  1  2  -1  4   10 0  0  2  18 
Ville Nieminen           0  0  0   0  0   0  0  0  0  2  
Thrashers
Player Name              G  A  P  +/- PIM S  H  SB FO MP 
-----------------------------------------------------------
Alexander Frolov         1  1  2   1  0   4  0  0  2  25 
Andrew Brunette          0  0  0   0  0   2  0  0  2  20 
Andy Sutton              0  1  1   0  0   1  0  2  0  19 
Bobby Holik              0  1  1   1  0   1  0  1  16 12 
Braydon Coburn           0  1  1   1  0   4  0  1  0  17 
Bryan Allen              0  1  1   1  0   0  1  3  0  18 
Garnet Exelby            0  0  0   0  0   4  1  0  0  16 
Ilya Kovalchuk           1  0  1   0  0   10 0  0  6  25 
J.P. Vigier              0  0  0   0  0   0  0  0  0  0  
Jason Williams           0  1  1   0  0   1  0  0  23 18 
Jim Slater               0  0  0   0  0   0  0  0  0  5  
Marian Hossa             0  0  0   2  5   3  2  0  7  24 
Niclas Havelid           0  0  0   0  0   1  0  4  0  23 
Niko Kapanen             1  1  2   1  0   3  0  0  16 13 
Philippe Boucher         1  0  1   1  4   2  0  1  0  22 
Robert Lang              0  1  1   0  0   2  0  0  21 21 
Scott Mellanby           0  1  1   1  5   3  1  0  1  13 
Vitaly Vishnevski        1  0  1   1  2   1  0  1  0  11 

3 Stars

1 - Alexander Frolov (ATL)
2 - Niko Kapanen (ATL)
3 - Kari Lehtonen (ATL)

Power Play

Sharks - 2 on 3 Attempt(s) - 66.67%
Thrashers - 1 on 6 Attempt(s) - 16.67%

Penalty Kill

Sharks - 5 on 6 Attempt(s) - 83.33% - Score 0 goal in Penalty Kill
Thrashers - 1 on 3 Attempt(s) - 33.33% - Score 0 goal in Penalty Kill

Game Notes

Scott Mellanby and Curtis Brown fight to a draw at 1:39 of 2nd period

Finance

Level 1 -- Attendance: 4896 (81.60%) -- Ticket Income $367,200.00
Level 2 -- Attendance: 4548 (90.96%) -- Ticket Income $227,400.00
Level 3 -- Attendance: 2233 (87.72%) -- Ticket Income $78,155.00
Level 4 -- Attendance: 3261 (81.52%) -- Ticket Income $65,220.00
Luxury Box -- Attendance: 864 (86.45%) -- Ticket Income $129,600.00
Game was played at the Philips Arena
Total Attendance: 15802 (85.21%)
Total Ticket Income: $877,455.90
Other Income: $55,322.60
Total Income: $932,779.00


Play by Play

Period #1

0:01 of 1st period - Joe Thornton wins face-off versus Alexander Frolov in neutral zone.
0:28 of 1st period - Shot by Markus Naslund.
0:28 of 1st period - Stopped by Kari Lehtonen without a rebound.
0:29 of 1st period - Jason Williams wins face-off versus Dustin Brown in Thrashers zone.
0:35 of 1st period - Off-side.
0:36 of 1st period - Curtis Brown wins face-off versus Niko Kapanen in neutral zone.
0:55 of 1st period - Shot by Alyn McCauley.
0:55 of 1st period - Shot Blocked by Bryan Allen.
0:56 of 1st period - Shot by Niklas Kronwall.
0:56 of 1st period - Stopped by Kari Lehtonen without a rebound.
0:57 of 1st period - Bobby Holik wins face-off versus Patrick Marleau in Thrashers zone.
1:12 of 1st period - Shot by Marian Hossa.
1:12 of 1st period - Shot Misses the Net.
1:13 of 1st period - Shot by Bobby Holik.
1:13 of 1st period - Shot Misses the Net.
1:22 of 1st period - Shot by Alexander Frolov.
1:22 of 1st period - Stopped by Cristobal Huet without a rebound.
1:23 of 1st period - Joe Thornton wins face-off versus Jason Williams in Sharks zone.
1:48 of 1st period - Shot by Ilya Kovalchuk.
1:48 of 1st period - Shot Misses the Net.
1:49 of 1st period - Shot by Garnet Exelby.
1:49 of 1st period - Shot Blocked by Jonathan Cheechoo.
1:50 of 1st period - Shot by Garnet Exelby.
1:50 of 1st period - Stopped by Cristobal Huet with a rebound.
1:51 of 1st period - Shot by Garnet Exelby.
1:51 of 1st period - Stopped by Cristobal Huet with a rebound.
1:54 of 1st period - Shot by Ilya Kovalchuk.
1:54 of 1st period - Shot Misses the Net.
1:55 of 1st period - Shot by Garnet Exelby.
1:55 of 1st period - Stopped by Cristobal Huet without a rebound.
1:56 of 1st period - Curtis Brown wins face-off versus Robert Lang in Sharks zone.
1:56 of 1st period - Niklas Kronwall is hit by Marian Hossa and loses puck.
1:57 of 1st period - Minor Penalty to Philippe Boucher for Cross-checking.
1:58 of 1st period - Patrick Marleau wins face-off versus Bobby Holik in Sharks zone.
2:11 of 1st period - Shot by Patrick Marleau.
2:11 of 1st period - Shot Blocked by Braydon Coburn.
2:16 of 1st period - Shot by Patrick Marleau.
2:16 of 1st period - Stopped by Kari Lehtonen without a rebound.
2:17 of 1st period - Joe Thornton wins face-off versus Robert Lang in Thrashers zone.
2:26 of 1st period - Shot by Jonathan Cheechoo.
2:26 of 1st period - Stopped by Kari Lehtonen without a rebound.
2:27 of 1st period - Patrick Marleau wins face-off versus Bobby Holik in Thrashers zone.
2:32 of 1st period - Shot by Patrick Marleau.
2:32 of 1st period - Shot Misses the Net.
2:45 of 1st period - Shot by Patrick Marleau.
2:45 of 1st period - Stopped by Kari Lehtonen without a rebound.
2:46 of 1st period - Bobby Holik wins face-off versus Joe Thornton in Thrashers zone.
3:23 of 1st period - Shot by Markus Naslund.
3:23 of 1st period - Stopped by Kari Lehtonen with a rebound.
3:26 of 1st period - Shot by Jonathan Cheechoo.
3:26 of 1st period - Goal by Jonathan Cheechoo.
3:27 of 1st period - Curtis Brown wins face-off versus Niko Kapanen in neutral zone.
3:32 of 1st period - Shot by Steve Bernier.
3:32 of 1st period - Shot Blocked by Bryan Allen.
3:34 of 1st period - Icing by Braydon Coburn.
3:35 of 1st period - Niko Kapanen wins face-off versus Patrick Marleau in Thrashers zone.
3:44 of 1st period - Shot by Ilya Kovalchuk.
3:44 of 1st period - Shot Misses the Net.
3:45 of 1st period - Shot by Bryan Allen.
3:45 of 1st period - Stopped by Cristobal Huet with a rebound.
3:46 of 1st period - Shot by Bryan Allen.
3:46 of 1st period - Shot Misses the Net.
3:47 of 1st period - Shot by Ilya Kovalchuk.
3:47 of 1st period - Shot Misses the Net.
3:48 of 1st period - Shot by Braydon Coburn.
3:48 of 1st period - Stopped by Cristobal Huet without a rebound.
3:49 of 1st period - Robert Lang wins face-off versus Curtis Brown in Sharks zone.
4:01 of 1st period - Alyn McCauley is hit by Marian Hossa and loses puck.
4:19 of 1st period - Shot by Steve Bernier.
4:19 of 1st period - Stopped by Kari Lehtonen without a rebound.
4:20 of 1st period - Patrick Marleau wins face-off versus Jason Williams in Thrashers zone.
4:28 of 1st period - Icing by Niclas Havelid.
4:29 of 1st period - Joe Thornton wins face-off versus Jason Williams in Thrashers zone.
5:42 of 1st period - Shot by Milan Michalek.
5:42 of 1st period - Goal by Milan Michalek.
5:43 of 1st period - Niko Kapanen wins face-off versus Curtis Brown in neutral zone.
5:48 of 1st period - Shot by Ilya Kovalchuk.
5:48 of 1st period - Shot Blocked by Curtis Brown.
5:55 of 1st period - Shot by Ilya Kovalchuk.
5:55 of 1st period - Shot Misses the Net.
6:00 of 1st period - Shot by Ilya Kovalchuk.
6:00 of 1st period - Goal by Ilya Kovalchuk.
6:01 of 1st period - Patrick Marleau wins face-off versus Alexander Frolov in neutral zone.
6:10 of 1st period - Shot by Alexander Frolov.
6:10 of 1st period - Shot Misses the Net.
7:03 of 1st period - Shot by Alyn McCauley.
7:03 of 1st period - Shot Misses the Net.
7:10 of 1st period - Shot by Steve Bernier.
7:10 of 1st period - Goal by Steve Bernier.
7:11 of 1st period - Joe Thornton wins face-off versus Jason Williams in neutral zone.
7:18 of 1st period - Shot by Markus Naslund.
7:18 of 1st period - Shot Blocked by Niclas Havelid.
7:20 of 1st period - Icing by Garnet Exelby.
7:21 of 1st period - Jason Williams wins face-off versus Joe Thornton in Thrashers zone.
7:50 of 1st period - Shot by Andrew Brunette.
7:50 of 1st period - Stopped by Cristobal Huet without a rebound.
7:51 of 1st period - Niko Kapanen wins face-off versus Alyn McCauley in Sharks zone.
7:52 of 1st period - Shot by Scott Mellanby.
7:52 of 1st period - Stopped by Cristobal Huet with a rebound.
7:53 of 1st period - Shot by Scott Mellanby.
7:53 of 1st period - Shot Misses the Net.
7:56 of 1st period - Shot by Scott Mellanby.
7:56 of 1st period - Goal by Niko Kapanen.
7:57 of 1st period - Patrick Marleau wins face-off versus Marian Hossa in neutral zone.
8:10 of 1st period - Shot by Patrick Marleau.
8:10 of 1st period - Shot Misses the Net.
8:15 of 1st period - Shot by Alexander Frolov.
8:15 of 1st period - Shot Misses the Net.
8:16 of 1st period - Shot by Marian Hossa.
8:16 of 1st period - Stopped by Cristobal Huet without a rebound.
8:17 of 1st period - Curtis Brown wins face-off versus Niko Kapanen in Sharks zone.
8:32 of 1st period - Shot by Steve Bernier.
8:32 of 1st period - Stopped by Kari Lehtonen with a rebound.
8:34 of 1st period - Minor Penalty to Alyn McCauley for Boarding.
8:35 of 1st period - Joe Thornton wins face-off versus Jason Williams in neutral zone.
9:06 of 1st period - Shot by Marian Hossa.
9:06 of 1st period - Stopped by Cristobal Huet with a rebound.
9:49 of 1st period - Shot by Ilya Kovalchuk.
9:49 of 1st period - Stopped by Cristobal Huet with a rebound.
10:41 of 1st period - Ilya Kovalchuk is hit by Niklas Kronwall and loses puck.
10:49 of 1st period - Shot by Ilya Kovalchuk.
10:49 of 1st period - Stopped by Cristobal Huet without a rebound.
10:50 of 1st period - Bobby Holik wins face-off versus Patrick Marleau in Sharks zone.
10:57 of 1st period - Shot by Alexander Frolov.
10:57 of 1st period - Shot Blocked by Milan Michalek.
12:48 of 1st period - Shot by Joe Thornton.
12:48 of 1st period - Shot Misses the Net.
12:51 of 1st period - Shot by Joe Thornton.
12:51 of 1st period - Shot Blocked by Andy Sutton.
12:52 of 1st period - Shot by Joe Thornton.
12:52 of 1st period - Shot Misses the Net.
12:55 of 1st period - Shot by Markus Naslund.
12:55 of 1st period - Shot Misses the Net.
12:58 of 1st period - Shot by Joe Thornton.
12:58 of 1st period - Stopped by Kari Lehtonen without a rebound.
12:59 of 1st period - Dustin Brown wins face-off versus Jason Williams in Thrashers zone.
13:16 of 1st period - Shot by Patrick Marleau.
13:16 of 1st period - Shot Misses the Net.
13:17 of 1st period - Shot by Matt Carle.
13:17 of 1st period - Stopped by Kari Lehtonen without a rebound.
13:18 of 1st period - Bobby Holik wins face-off versus Joe Thornton in Thrashers zone.
13:27 of 1st period - Shot by Marian Hossa.
13:27 of 1st period - Shot Misses the Net.
13:46 of 1st period - Shot by Markus Naslund.
13:46 of 1st period - Stopped by Kari Lehtonen without a rebound.
13:47 of 1st period - Curtis Brown wins face-off versus Jason Williams in Thrashers zone.
13:50 of 1st period - Shot by Alyn McCauley.
13:50 of 1st period - Stopped by Kari Lehtonen without a rebound.
13:51 of 1st period - Alyn McCauley wins face-off versus Jason Williams in Thrashers zone.
14:01 of 1st period - Off-side.
14:02 of 1st period - Patrick Marleau wins face-off versus Jason Williams in neutral zone.
14:15 of 1st period - Shot by Dustin Brown.
14:15 of 1st period - Stopped by Kari Lehtonen without a rebound.
14:16 of 1st period - Marian Hossa wins face-off versus Curtis Brown in Thrashers zone.
16:06 of 1st period - Dustin Brown is hit by Bryan Allen and loses puck.
16:38 of 1st period - Shot by Niko Kapanen.
16:38 of 1st period - Shot Blocked by Richard Jackman.
16:39 of 1st period - Shot by Braydon Coburn.
16:39 of 1st period - Stopped by Cristobal Huet without a rebound.
16:40 of 1st period - Marian Hossa wins face-off versus Curtis Brown in Sharks zone.
17:03 of 1st period - Shot by Bobby Holik.
17:03 of 1st period - Shot Misses the Net.
17:51 of 1st period - Icing by Joe Thornton.
17:52 of 1st period - Scott Mellanby wins face-off versus Joe Thornton in Sharks zone.
18:01 of 1st period - Shot by Markus Naslund.
18:01 of 1st period - Stopped by Kari Lehtonen without a rebound.
18:02 of 1st period - Patrick Marleau wins face-off versus Robert Lang in Thrashers zone.
18:17 of 1st period - Shot by Robert Lang.
18:17 of 1st period - Shot Misses the Net.
18:18 of 1st period - Shot by Andy Sutton.
18:18 of 1st period - Stopped by Cristobal Huet with a rebound.
18:19 of 1st period - Shot by Philippe Boucher.
18:19 of 1st period - Shot Misses the Net.
18:20 of 1st period - Shot by Philippe Boucher.
18:20 of 1st period - Goal by Philippe Boucher.
18:21 of 1st period - Niko Kapanen wins face-off versus Jonathan Cheechoo in neutral zone.
18:54 of 1st period - Shot by Joe Thornton.
18:54 of 1st period - Shot Misses the Net.
19:05 of 1st period - Shot by Markus Naslund.
19:05 of 1st period - Stopped by Kari Lehtonen without a rebound.
19:06 of 1st period - Patrick Marleau wins face-off versus Bobby Holik in Thrashers zone.
19:24 of 1st period - Minor Penalty to Vitaly Vishnevski for Slashing.
19:25 of 1st period - Robert Lang wins face-off versus Patrick Marleau in neutral zone.
19:31 of 1st period - Minor Penalty to Steve Bernier for Roughing.
19:32 of 1st period - Robert Lang wins face-off versus Joe Thornton in neutral zone.
19:45 of 1st period - Shot by Alexander Frolov.
19:45 of 1st period - Shot Misses the Net.
19:50 of 1st period - Shot by Joe Thornton.
19:50 of 1st period - Stopped by Kari Lehtonen without a rebound.
19:51 of 1st period - Patrick Marleau wins face-off versus Robert Lang in Thrashers zone.

Period #2

0:01 of 2nd period - Joe Thornton wins face-off versus Ilya Kovalchuk in neutral zone.
0:32 of 2nd period - Shot by Marian Hossa.
0:32 of 2nd period - Shot Hit the Post.
0:33 of 2nd period - Shot by Andy Sutton.
0:33 of 2nd period - Shot Blocked by Scott Hannan.
0:34 of 2nd period - Shot by Philippe Boucher.
0:34 of 2nd period - Stopped by Cristobal Huet without a rebound.
0:35 of 2nd period - Robert Lang wins face-off versus Patrick Marleau in Sharks zone.
0:44 of 2nd period - Shot by Robert Lang.
0:44 of 2nd period - Stopped by Cristobal Huet with a rebound.
1:39 of 2nd period - Shot by Ilya Kovalchuk.
1:39 of 2nd period - Stopped by Cristobal Huet without a rebound.
1:39 of 2nd period - Scott Mellanby and Curtis Brown fight to a draw.
1:39 of 2nd period - Penalty to Scott Mellanby for Fighting.
1:39 of 2nd period - Penalty to Curtis Brown for Fighting.
1:40 of 2nd period - Joe Thornton wins face-off versus Marian Hossa in Sharks zone.
1:41 of 2nd period - Ilya Kovalchuk wins face-off versus Joe Thornton in Sharks zone.
1:54 of 2nd period - Shot by Marian Hossa.
1:54 of 2nd period - Shot Misses the Net.
2:01 of 2nd period - Shot by Ilya Kovalchuk.
2:01 of 2nd period - Stopped by Cristobal Huet without a rebound.
2:02 of 2nd period - Joe Thornton wins face-off versus Robert Lang in Sharks zone.
2:09 of 2nd period - Shot by Joe Thornton.
2:09 of 2nd period - Shot Misses the Net.
2:14 of 2nd period - Shot by Joe Thornton.
2:14 of 2nd period - Shot Blocked by Niclas Havelid.
2:15 of 2nd period - Shot by Scott Hannan.
2:15 of 2nd period - Shot Blocked by Bryan Allen.
2:18 of 2nd period - Shot by Markus Naslund.
2:18 of 2nd period - Shot Misses the Net.
2:19 of 2nd period - Shot by Kyle McLaren.
2:19 of 2nd period - Shot Misses the Net.
2:20 of 2nd period - Shot by Scott Hannan.
2:20 of 2nd period - Shot Misses the Net.
2:23 of 2nd period - Shot by Joe Thornton.
2:23 of 2nd period - Shot Blocked by Niclas Havelid.
2:26 of 2nd period - Shot by Markus Naslund.
2:26 of 2nd period - Stopped by Kari Lehtonen with a rebound.
2:29 of 2nd period - Shot by Joe Thornton.
2:29 of 2nd period - Stopped by Kari Lehtonen without a rebound.
2:30 of 2nd period - Patrick Marleau wins face-off versus Ilya Kovalchuk in Thrashers zone.
2:31 of 2nd period - Shot by Jonathan Cheechoo.
2:31 of 2nd period - Shot Misses the Net.
3:29 of 2nd period - Icing by Matt Carle.
3:30 of 2nd period - Patrick Marleau wins face-off versus Ilya Kovalchuk in Sharks zone.
4:43 of 2nd period - Shot by Markus Naslund.
4:43 of 2nd period - Stopped by Kari Lehtonen without a rebound.
4:44 of 2nd period - Joe Thornton wins face-off versus Andrew Brunette in Thrashers zone.
4:53 of 2nd period - Shot by Markus Naslund.
4:53 of 2nd period - Stopped by Kari Lehtonen with a rebound.
5:32 of 2nd period - Shot by Bobby Holik.
5:32 of 2nd period - Stopped by Cristobal Huet without a rebound.
5:33 of 2nd period - Alyn McCauley wins face-off versus Robert Lang in Sharks zone.
6:19 of 2nd period - Off-side.
6:20 of 2nd period - Joe Thornton wins face-off versus Marian Hossa in neutral zone.
6:22 of 2nd period - Off-side.
6:23 of 2nd period - Joe Thornton wins face-off versus Ilya Kovalchuk in neutral zone.
6:29 of 2nd period - Icing by Andy Sutton.
6:30 of 2nd period - Patrick Marleau wins face-off versus Ilya Kovalchuk in Thrashers zone.
7:37 of 2nd period - Shot by Markus Naslund.
7:37 of 2nd period - Shot Misses the Net.
7:38 of 2nd period - Shot by Kyle McLaren.
7:38 of 2nd period - Stopped by Kari Lehtonen without a rebound.
7:39 of 2nd period - Patrick Marleau wins face-off versus Bobby Holik in Thrashers zone.
7:50 of 2nd period - Shot by Marian Hossa.
7:50 of 2nd period - Shot Misses the Net.
7:53 of 2nd period - Shot by Alexander Frolov.
7:53 of 2nd period - Shot Misses the Net.
7:54 of 2nd period - Shot by Vitaly Vishnevski.
7:54 of 2nd period - Goal by Vitaly Vishnevski.
7:55 of 2nd period - Niko Kapanen wins face-off versus Joe Thornton in neutral zone.
7:59 of 2nd period - Off-side.
8:00 of 2nd period - Joe Thornton wins face-off versus Bobby Holik in neutral zone.
8:03 of 2nd period - Shot by Jonathan Cheechoo.
8:03 of 2nd period - Shot Misses the Net.
8:06 of 2nd period - Shot by Markus Naslund.
8:06 of 2nd period - Shot Misses the Net.
8:07 of 2nd period - Shot by Kyle McLaren.
8:07 of 2nd period - Shot Blocked by Vitaly Vishnevski.
8:08 of 2nd period - Shot by Scott Hannan.
8:08 of 2nd period - Shot Blocked by Philippe Boucher.
8:11 of 2nd period - Shot by Joe Thornton.
8:11 of 2nd period - Stopped by Kari Lehtonen without a rebound.
8:12 of 2nd period - Dustin Brown wins face-off versus Niko Kapanen in Thrashers zone.
8:12 of 2nd period - Richard Jackman is hit by Scott Mellanby and loses puck.
8:13 of 2nd period - Minor Penalty to Richard Jackman for Tripping.
8:14 of 2nd period - Marian Hossa wins face-off versus Joe Thornton in Thrashers zone.
9:11 of 2nd period - Shot by Scott Mellanby.
9:11 of 2nd period - Stopped by Cristobal Huet without a rebound.
9:12 of 2nd period - Jason Williams wins face-off versus Joe Thornton in Sharks zone.
9:21 of 2nd period - Shot by Marian Hossa.
9:21 of 2nd period - Shot Misses the Net.
9:22 of 2nd period - Shot by Niclas Havelid.
9:22 of 2nd period - Stopped by Cristobal Huet without a rebound.
9:23 of 2nd period - Robert Lang wins face-off versus Joe Thornton in Sharks zone.
10:30 of 2nd period - Shot by Alexander Frolov.
10:30 of 2nd period - Shot Misses the Net.
10:35 of 2nd period - Shot by Alexander Frolov.
10:35 of 2nd period - Stopped by Cristobal Huet without a rebound.
10:36 of 2nd period - Curtis Brown wins face-off versus Jason Williams in Sharks zone.
11:07 of 2nd period - Shot by Marian Hossa.
11:07 of 2nd period - Shot Misses the Net.
11:08 of 2nd period - Shot by Garnet Exelby.
11:08 of 2nd period - Shot Misses the Net.
11:22 of 2nd period - Alexander Frolov is hit by Barret Jackman and loses puck.
11:31 of 2nd period - Alexander Frolov is hit by Barret Jackman and loses puck.
13:40 of 2nd period - Minor Penalty to Philippe Boucher for Roughing.
13:41 of 2nd period - Bobby Holik wins face-off versus Joe Thornton in neutral zone.
14:08 of 2nd period - Shot by Joe Thornton.
14:08 of 2nd period - Stopped by Kari Lehtonen with a rebound.
14:37 of 2nd period - Shot by Patrick Marleau.
14:37 of 2nd period - Goal by Patrick Marleau.
14:38 of 2nd period - Curtis Brown wins face-off versus Niko Kapanen in neutral zone.
14:55 of 2nd period - Shot by Curtis Brown.
14:55 of 2nd period - Shot Misses the Net.
14:58 of 2nd period - Shot by Steve Bernier.
14:58 of 2nd period - Shot Misses the Net.
15:01 of 2nd period - Shot by Steve Bernier.
15:01 of 2nd period - Shot Misses the Net.
15:04 of 2nd period - Shot by Alyn McCauley.
15:04 of 2nd period - Stopped by Kari Lehtonen with a rebound.
15:05 of 2nd period - Shot by Barret Jackman.
15:05 of 2nd period - Stopped by Kari Lehtonen without a rebound.
15:06 of 2nd period - Patrick Marleau wins face-off versus Robert Lang in Thrashers zone.
15:09 of 2nd period - Shot by Dustin Brown.
15:09 of 2nd period - Stopped by Kari Lehtonen without a rebound.
15:10 of 2nd period - Robert Lang wins face-off versus Patrick Marleau in Thrashers zone.
15:18 of 2nd period - Andy Sutton is hit by Richard Jackman and loses puck.
16:06 of 2nd period - Shot by Ilya Kovalchuk.
16:06 of 2nd period - Shot Blocked by Kyle McLaren.
16:09 of 2nd period - Shot by Ilya Kovalchuk.
16:09 of 2nd period - Stopped by Cristobal Huet without a rebound.
16:10 of 2nd period - Niko Kapanen wins face-off versus Curtis Brown in Sharks zone.
16:11 of 2nd period - Shot by Ilya Kovalchuk.
16:11 of 2nd period - Shot Misses the Net.
16:11 of 2nd period - Minor Penalty to Steve Bernier for High sticking.
16:12 of 2nd period - Jason Williams wins face-off versus Curtis Brown in Sharks zone.
16:17 of 2nd period - Shot by Jason Williams.
16:17 of 2nd period - Stopped by Cristobal Huet without a rebound.
16:18 of 2nd period - Joe Thornton wins face-off versus Robert Lang in Sharks zone.
17:47 of 2nd period - Shot by Ilya Kovalchuk.
17:47 of 2nd period - Shot Blocked by Matt Carle.
17:53 of 2nd period - Icing by Andy Sutton.
17:54 of 2nd period - Bobby Holik wins face-off versus Joe Thornton in Thrashers zone.
19:04 of 2nd period - Jason Williams is hit by Niklas Kronwall and loses puck.
19:56 of 2nd period - Shot by Markus Naslund.
19:56 of 2nd period - Shot Misses the Net.

Period #3

0:01 of 3rd period - Joe Thornton wins face-off versus Robert Lang in neutral zone.
0:04 of 3rd period - Shot by Markus Naslund.
0:04 of 3rd period - Stopped by Kari Lehtonen without a rebound.
0:05 of 3rd period - Patrick Marleau wins face-off versus Jason Williams in Thrashers zone.
0:51 of 3rd period - Icing by Matt Carle.
0:52 of 3rd period - Patrick Marleau wins face-off versus Robert Lang in Sharks zone.
1:57 of 3rd period - Shot by Scott Mellanby.
1:57 of 3rd period - Shot Misses the Net.
2:00 of 3rd period - Shot by Ilya Kovalchuk.
2:00 of 3rd period - Shot Misses the Net.
2:03 of 3rd period - Shot by Niko Kapanen.
2:03 of 3rd period - Stopped by Cristobal Huet with a rebound.
2:04 of 3rd period - Shot by Braydon Coburn.
2:04 of 3rd period - Stopped by Cristobal Huet with a rebound.
2:20 of 3rd period - Off-side.
2:21 of 3rd period - Jason Williams wins face-off versus Steve Bernier in neutral zone.
2:21 of 3rd period - Alexander Frolov is hit by Barret Jackman and loses puck.
2:38 of 3rd period - Steve Bernier is hit by Garnet Exelby and loses puck.
3:19 of 3rd period - Icing by Patrick Marleau.
3:20 of 3rd period - Patrick Marleau wins face-off versus Niko Kapanen in Sharks zone.
3:43 of 3rd period - Shot by Ilya Kovalchuk.
3:43 of 3rd period - Stopped by Cristobal Huet without a rebound.
3:44 of 3rd period - Robert Lang wins face-off versus Curtis Brown in Sharks zone.
3:49 of 3rd period - Shot by Marian Hossa.
3:49 of 3rd period - Shot Misses the Net.
3:58 of 3rd period - Shot by Steve Bernier.
3:58 of 3rd period - Stopped by Kari Lehtonen without a rebound.
3:59 of 3rd period - Marian Hossa wins face-off versus Joe Thornton in Thrashers zone.
4:11 of 3rd period - Icing by Marian Hossa.
4:12 of 3rd period - Milan Michalek wins face-off versus Bobby Holik in Thrashers zone.
4:18 of 3rd period - Major Penalty to Marian Hossa for Kneeing.
4:19 of 3rd period - Bobby Holik wins face-off versus Patrick Marleau in Thrashers zone.
5:30 of 3rd period - Shot by Markus Naslund.
5:30 of 3rd period - Shot Hit the Post.
5:31 of 3rd period - Shot by Kyle McLaren.
5:31 of 3rd period - Shot Misses the Net.
5:34 of 3rd period - Shot by Markus Naslund.
5:34 of 3rd period - Shot Blocked by Andy Sutton.
5:46 of 3rd period - Icing by Matt Carle.
5:47 of 3rd period - Steve Bernier wins face-off versus Robert Lang in Sharks zone.
7:12 of 3rd period - Shot by Patrick Marleau.
7:12 of 3rd period - Shot Misses the Net.
8:21 of 3rd period - Shot by Markus Naslund.
8:21 of 3rd period - Shot Blocked by Niclas Havelid.
8:22 of 3rd period - Shot by Kyle McLaren.
8:22 of 3rd period - Shot Misses the Net.
8:39 of 3rd period - Shot by Alexander Frolov.
8:39 of 3rd period - Shot Misses the Net.
9:12 of 3rd period - Shot by Steve Bernier.
9:12 of 3rd period - Stopped by Kari Lehtonen with a rebound.
9:17 of 3rd period - Shot by Patrick Marleau.
9:17 of 3rd period - Stopped by Kari Lehtonen without a rebound.
9:18 of 3rd period - Alyn McCauley wins face-off versus Niko Kapanen in Thrashers zone.
9:25 of 3rd period - Shot by Steve Bernier.
9:25 of 3rd period - Stopped by Kari Lehtonen with a rebound.
9:31 of 3rd period - Icing by Matt Carle.
9:32 of 3rd period - Curtis Brown wins face-off versus Jason Williams in Sharks zone.
9:45 of 3rd period - Shot by Steve Bernier.
9:45 of 3rd period - Stopped by Kari Lehtonen without a rebound.
9:46 of 3rd period - Bobby Holik wins face-off versus Patrick Marleau in Thrashers zone.
9:48 of 3rd period - Alexander Frolov is hit by Barret Jackman and loses puck.
9:58 of 3rd period - Shot by Dustin Brown.
9:58 of 3rd period - Shot Blocked by Bobby Holik.
10:10 of 3rd period - Alexander Frolov is hit by Barret Jackman and loses puck.
10:15 of 3rd period - Icing by Richard Jackman.
10:16 of 3rd period - Patrick Marleau wins face-off versus Jason Williams in Sharks zone.
10:22 of 3rd period - Off-side.
10:23 of 3rd period - Joe Thornton wins face-off versus Niko Kapanen in neutral zone.
10:32 of 3rd period - Shot by Jonathan Cheechoo.
10:32 of 3rd period - Shot Misses the Net.
10:43 of 3rd period - Shot by Ilya Kovalchuk.
10:43 of 3rd period - Shot Blocked by Scott Hannan.
10:44 of 3rd period - Shot by Braydon Coburn.
10:44 of 3rd period - Stopped by Cristobal Huet with a rebound.
10:47 of 3rd period - Shot by Ilya Kovalchuk.
10:47 of 3rd period - Shot Blocked by Scott Hannan.
10:52 of 3rd period - Shot by Ilya Kovalchuk.
10:52 of 3rd period - Stopped by Cristobal Huet without a rebound.
10:53 of 3rd period - Robert Lang wins face-off versus Curtis Brown in Sharks zone.
11:19 of 3rd period - Off-side.
11:20 of 3rd period - Patrick Marleau wins face-off versus Andrew Brunette in neutral zone.
11:39 of 3rd period - Shot by Andrew Brunette.
11:39 of 3rd period - Stopped by Cristobal Huet without a rebound.
11:40 of 3rd period - Joe Thornton wins face-off versus Niko Kapanen in Sharks zone.
12:07 of 3rd period - Shot by Scott Mellanby.
12:07 of 3rd period - Stopped by Cristobal Huet without a rebound.
12:08 of 3rd period - Patrick Marleau wins face-off versus Jason Williams in Sharks zone.
12:21 of 3rd period - Shot by Milan Michalek.
12:21 of 3rd period - Shot Misses the Net.
12:25 of 3rd period - Ilya Kovalchuk is hit by Richard Jackman and loses puck.
12:29 of 3rd period - Shot by Ilya Kovalchuk.
12:29 of 3rd period - Stopped by Cristobal Huet with a rebound.
12:29 of 3rd period - Minor Penalty to Dustin Brown for Holding.
12:30 of 3rd period - Jason Williams wins face-off versus Curtis Brown in Sharks zone.
12:33 of 3rd period - Shot by Alexander Frolov.
12:33 of 3rd period - Goal by Alexander Frolov.
12:34 of 3rd period - Robert Lang wins face-off versus Curtis Brown in neutral zone.
12:41 of 3rd period - Shot by Marian Hossa.
12:41 of 3rd period - Shot Blocked by Barret Jackman.
12:42 of 3rd period - Shot by Marian Hossa.
12:42 of 3rd period - Stopped by Cristobal Huet with a rebound.
13:49 of 3rd period - Shot by Ilya Kovalchuk.
13:49 of 3rd period - Shot Misses the Net.
13:52 of 3rd period - Shot by Ilya Kovalchuk.
13:52 of 3rd period - Shot Blocked by Matt Carle.
13:55 of 3rd period - Shot by Ilya Kovalchuk.
13:55 of 3rd period - Shot Misses the Net.
13:56 of 3rd period - Shot by Garnet Exelby.
13:56 of 3rd period - Stopped by Cristobal Huet without a rebound.
13:57 of 3rd period - Joe Thornton wins face-off versus Niko Kapanen in Sharks zone.
15:50 of 3rd period - Shot by Ilya Kovalchuk.
15:50 of 3rd period - Shot Blocked by Patrick Marleau.
17:00 of 3rd period - Marian Hossa is hit by Joe Thornton and loses puck.
17:08 of 3rd period - Shot by Robert Lang.
17:08 of 3rd period - Stopped by Cristobal Huet without a rebound.
17:09 of 3rd period - Bobby Holik wins face-off versus Joe Thornton in Sharks zone.
17:09 of 3rd period - Marian Hossa is hit by Joe Thornton and loses puck.
18:13 of 3rd period - Shot by Milan Michalek.
18:13 of 3rd period - Shot Misses the Net.
18:24 of 3rd period - Shot by Robert Lang.
18:24 of 3rd period - Shot Misses the Net.
18:32 of 3rd period - Icing by Steve Bernier.
18:33 of 3rd period - Jason Williams wins face-off versus Curtis Brown in Sharks zone.
18:38 of 3rd period - Shot by Ilya Kovalchuk.
18:38 of 3rd period - Stopped by Cristobal Huet without a rebound.
18:39 of 3rd period - Joe Thornton wins face-off versus Jason Williams in Sharks zone.
18:50 of 3rd period - Shot by Ilya Kovalchuk.
18:50 of 3rd period - Shot Misses the Net.
19:02 of 3rd period - Icing by Garnet Exelby.
19:03 of 3rd period - Jason Williams wins face-off versus Curtis Brown in Thrashers zone.
19:09 of 3rd period - Off-side.
19:10 of 3rd period - Bobby Holik wins face-off versus Patrick Marleau in neutral zone.
19:17 of 3rd period - Shot by Alexander Frolov.
19:17 of 3rd period - Stopped by Cristobal Huet without a rebound.
19:18 of 3rd period - Robert Lang wins face-off versus Curtis Brown in Sharks zone.
19:29 of 3rd period - Shot by Robert Lang.
19:29 of 3rd period - Shot Blocked by Curtis Brown.
19:40 of 3rd period - Sharks,Cristobal Huet is pulled from the net.


Output by the SimonT Hockey Simulator (STHS) for Stephane Roy -- Original Page W3C XHTML 1.0 Valid